Map: Ice and Chrome LE

Players

Echo

  • Race: Zerg Zerg
  • League: Platinum
  • Spawn Location: 1:00

CoolDe - Winner!

  • Race: Terran Terran
  • Spawn Location: 7:00

VOD

Have the link to the VOD?

Description

Time

  • Played on: Sept. 26, 2020, 4:56 p.m.
  • Length: 5:52
Show
View Real Time Build Order
Export as new Build Order

Echo Zerg 

Build Orders: Hatch First 

Get SALT Encoding   

  12  0:00  Drone  
  13  0:13  Overlord  
  13  0:19  Drone  
  14  0:33  Drone x2  
  16  0:49  Hatchery  
  15  0:53  Drone  
  15  0:56  Drone  
  17  1:01  Drone  
  18  1:14  Spawning Pool  
  18  1:17  Extractor  
  18  1:18  Drone  
  17  1:23  Drone  
  18  1:33  Drone  
  19  1:41  Drone  
  20  1:52  Drone  
  21  2:00  Queen  
  21  2:01  Queen  
  23  2:04  Drone x2  
  27  2:12  Overlord  
  27  2:21  Drone  
  27  2:22  Roach Warren  
  27  2:24  Drone  
  28  2:36  Drone x3  
  31  2:41  Spine Crawler  
  30  2:46  Drone x2  
  32  2:54  Overlord  
  32  3:02  Roach  
  34  3:16  Roach x5  
  34  3:19  Overlord x2  
  44  3:25  Spine Crawler  
  43  3:33  Drone  
  44  3:41  Drone x4  
  48  3:54  Lair  
  48  3:56  Drone  
  48  3:57  Hatchery  
  48  3:58  Drone x2  
  48  3:59  Drone  
  51  4:03  Extractor  
  51  4:06  Drone x2  
  51  4:07  Extractor  
  51  4:09  Roach  
  53  4:13  Roach  
  53  4:14  Roach  
  57  4:21  Extractor  
  56  4:46  Drone  
  56  4:47  Drone x2  
  59  4:54  Overlord  
  59  4:55  Overlord x2  
  59  5:06  Roach x7  
  49  5:28  Roach  
Show
View Real Time Build Order
Export as new Build Order

CoolDe Terran - Winner!

Build Orders: 1/1/1, Liberator Opening 

Get SALT Encoding   

  12  0:01  SCV  
  13  0:13  SCV  
  14  0:18  Supply Depot  
  14  0:25  SCV  
  15  0:39  SCV  
  15  0:41  Barracks  
  16  0:46  Refinery  
  16  0:51  SCV  
  16  0:53  Refinery  
  17  1:04  SCV  
  18  1:07  Supply Depot  
  18  1:16  SCV  
  19  1:29  Orbital Command  
  19  1:31  Barracks Reactor  
  19  1:44  Factory  
  19  1:55  SCV  
  20  2:07  SCV, Marine  
  20  2:08  Marine  
  23  2:20  SCV  
  24  2:25  Marine x2  
  24  2:27  Factory Tech Lab  
  24  2:28  Starport  
  26  2:33  Supply Depot  
  26  2:34  SCV  
  27  2:47  Siege Tank  
  30  2:52  SCV  
  30  2:55  Supply Depot  
  30  2:56  Marine x2  
  33  3:06  Medivac  
  33  3:10  Supply Depot  
  35  3:14  Marine x2  
  35  3:19  Siege Tank  
  40  3:25  Supply Depot  
  40  3:32  Marine x2  
  42  3:38  Liberator  
  45  3:48  Supply Depot  
  45  3:49  Marine  
  45  3:50  Marine  
  47  4:04  Siege Tank  
  47  4:07  Marine x2  
  52  4:25  Marine x2  
  52  4:29  Liberator  
  57  4:43  Marine x2  
  59  5:01  Marine x2  
  58  5:19  Marine x2  
  58  5:20  Siege Tank  
Tags
 
Add a new tag
Caveats
  • Supply blocks, unpowered buildings, or Contaminate may cause inaccurate times.
  • Supply counts are checked every 10 seconds.